 Dungeon Crawl Stone Soup version 0.32-a0-576-g706899e69d (webtiles) character file.

Game seed: 14094192575619629644

1683664 gimp the Cloud Mage (level 27, 135/192 HPs)
             Began as a Tengu Earth Elementalist on Mar 2, 2024.
             Was the Champion of Vehumet.
             Escaped with the Orb
             ... and 3 runes!
             The game lasted 03:00:55 (67634 turns).

gimp the Cloud Mage (Tengu Earth Elementalist)     Turns: 67634, Time: 03:00:55

Health: 135/192    AC:  9    Str: 15    XL:     27
Magic:  36/48      EV: 27    Int: 37    God:    Vehumet [******]
Gold:   4782       SH: 19    Dex: 16    Spells: 2/66 levels left

rFire   + + +        a - staff of fire
rCold   + + .        L - +5 kite shield {rPois}
rNeg    + . .        y - +2 robe {rN+}
rPois   +            B - +2 hat
rElec   +            j - scarf {rC+ rF+}
rCorr   .            Z - +2 pair of gloves
SInv    +            (boots unavailable)
Will    +++..        c - amulet "Mehomufo" {Regen+ RegenMP+ Int+4 Dex+3 SInv}
Stlth   +            p - +6 ring of intelligence
HPRegen 1.32/turn    X - ring "Cuhe" {rElec rF+ rC+ Str+6}
MPRegen 0.71/turn

%: acrobat
@: flying
A: beak, talons 3, evasive flight, acrobatic, clumsy 1, dopey 1, strong-willed
1, robust 1, inhibited regeneration, MP-powered wands, devolution 1
0: Orb of Zot
}: 3/15 runes: decaying, serpentine, slimy
a: Renounce Religion


You escaped.
You worshipped Vehumet.
Vehumet was exalted by your worship.
You visited 11 branches of the dungeon, and saw 52 of its levels.
You visited 1 bazaar.
You also visited: Wizlab.

You collected 8549 gold pieces.
You spent 3767 gold pieces at shops.

Inventory:

Missiles
 q - 7 throwing nets
 A - 9 curare-tipped darts
Armour
 j - a scarf of resistance (worn)
 v - a +2 cloak of preservation
 y - a +2 robe of positive energy (worn)
 B - a +2 hat (worn)
 L - a +5 kite shield of poison resistance (worn)
 Z - a +2 pair of gloves (worn)
Magical Staves
 a - a staff of fire (weapon)
 b - a staff of conjuration
 d - a staff of death
 h - a staff of air
Jewellery
 c - the amulet "Mehomufo" (around neck) {Regen+ RegenMP+ Int+4 Dex+3 SInv}
   (You acquired it on level 12 of the Dungeon)

   [amulet of magic regeneration]

   It increases your rate of magic regeneration.
   Int+4:     It affects your intelligence (+4).
   Dex+3:     It affects your dexterity (+3).
   SInv:      It lets you see invisible.
   Regen+:    It increases your rate of health regeneration.
   RegenMP+:  It increases your rate of magic regeneration.
 n - a ring of resist corrosion
 p - a +6 ring of intelligence (left hand)
 M - a ring of positive energy
 X - the ring "Cuhe" (right hand) {rElec rF+ rC+ Str+6}
   (You bought it in a shop on level 1 of the Orcish Mines)

   [ring of strength]

   Str+6:     It affects your strength (+6).
   rF+:       It protects you from fire.
   rC+:       It protects you from cold.
   rElec:     It insulates you from electricity.
 Y - a ring of willpower
Wands
 w - a wand of iceblast (70)
 I - a wand of digging (32)
 R - a wand of light (42)
 U - a wand of flame (94)
Scrolls
 e - 20 scrolls of teleportation
 f - 8 scrolls of fog
 g - 17 scrolls of amnesia
 i - 5 scrolls of blinking
 k - 12 scrolls of fear
 m - 12 scrolls of poison
 r - 5 scrolls of vulnerability
 s - 8 scrolls of immolation
 E - 3 scrolls of revelation
 H - 2 scrolls of enchant armour
 P - 4 scrolls of butterflies
Potions
 l - 4 potions of mutation
 o - 24 potions of curing
 t - 4 potions of resistance
 u - 8 potions of haste
 x - 2 potions of brilliance
 z - 5 potions of invisibility
 C - 7 potions of enlightenment
 Q - 2 potions of magic
 T - 7 potions of heal wounds
 V - a potion of ambrosia
Miscellaneous
 J - a lightning rod (4/4)
 S - a condenser vane
 W - a phantom mirror


   Skills:
 + Level 18.4 Fighting
 - Level 4.0 Armour
 + Level 20.9 Dodging
 - Level 2.0 Stealth
 - Level 15.0 Shields
 - Level 20.0 Spellcasting
 - Level 22.0 Conjurations
 - Level 18.0 Fire Magic
 - Level 14.0 Ice Magic
 - Level 22.0 Air Magic
 - Level 4.0 Earth Magic
 - Level 4.0 Alchemy


You had 2 spell levels left.
You knew the following spells:

 Your Spells              Type           Power      Damage    Failure   Level
a - Stone Arrow           Conj/Erth      100%       3d13      0%          3
b - Fireball              Conj/Fire      67%        3d25      0%          5
c - Mephitic Cloud        Conj/Alch/Air  100%       N/A       0%          3
d - Irradiate             Conj/Alch      46%        3d27      1%          5
e - Orb of Destruction    Conj           58%        9d14      1%          7
f - Ozocubu's Refrigerat  Ice            48%        4d18      1%          7
g - Chain Lightning       Conj/Air       58%        3d77      4%          9
h - Blink                 Tloc           74%        N/A       1%          2
i - Apportation           Tloc           74%        N/A       1%          1
j - Plasma Beam           Fire/Air       67%        2x1d84    1%          6
k - Maxwell's Capacitive  Air            58%        ∞         1%          8
l - Ignition              Fire           65%        3d17      1%          8

Your spell library contained the following spells:

 Spells                   Type           Power      Damage    Failure   Level
 Fire Storm               Conj/Fire      67%        8d17      11%         9
 Shatter                  Erth           30%        3d25*     100%        9
 Foxfire                  Conj/Fire      100%       2x1d9     0%          1
 Kiss of Death            Conj/Necr      100%       2d13      0%          1
 Magic Dart               Conj           100%       1d8       0%          1
 Shock                    Conj/Air       100%       1d9       0%          1
 Sting                    Conj/Alch      100%       1d9       0%          1
 Mercury Vapours          Alch/Air       100%       N/A       0%          2
 Momentum Strike          Conj/Tloc      100%       3d10      0%          2
 Static Discharge         Conj/Air       100%       3-8/arc   0%          2
 Sandblast                Erth           100%       2d20      1%          1
 Call Imp                 Summ           74%        N/A       1%          2
 Cigotuvi's Dreadful Rot  Necr/Alch/Air  100%       N/A       1%          2
 Ensorcelled Hibernation  Hex/Ice        100%       N/A       1%          2
 Jinxbite                 Hex            74%        N/A       1%          2
 Lesser Beckoning         Tloc           74%        N/A       1%          2
 Ozocubu's Armour         Ice            96%        N/A       0%          3
 Swiftness                Air            100%       N/A       0%          3
 Airstrike                Air            58%        2d(9-25)  0%          4
 Arcjolt                  Conj/Air       58%        1d68      0%          5
 Freezing Cloud           Conj/Ice/Air   55%        6-21      0%          5
 Dazzling Flash           Conj/Hex       100%       N/A       1%          3
 Passwall                 Erth           61%        N/A       1%          3
 Brom's Barrelling Bould  Conj/Erth      93%        2d10      1%          4
 Ignite Poison            Fire/Alch      100%       N/A       1%          4
 Olgreb's Toxic Radiance  Alch           61%        N/A       1%          4
 Sticky Flame             Fire/Alch      100%       2d15      1%          4
 Summon Blazeheart Golem  Fire/Summ      100%       N/A       1%          4
 Summon Lightning Spire   Summ/Air       87%        N/A       1%          4
 Vhi's Electric Charge    Tloc/Air       100%       N/A       1%          4
 Metabolic Englaciation   Hex/Ice        36%        N/A       1%          5
 Silence                  Hex/Air        43%        N/A       1%          5
 Starburst                Conj/Fire      67%        6d18      1%          6
 Petrify                  Alch/Erth      61%        N/A       2%          4
 Spellforged Servitor     Conj/Summ      43%        N/A       3%          7
 Call Canine Familiar     Summ           37%        N/A       4%          3
 Confusing Touch          Hex            37%        N/A       4%          3
 Fugue of the Fallen      Necr           37%        N/A       4%          3
 Sculpt Simulacrum        Ice/Alch       40%        N/A       4%          6
 Animate Armour           Summ/Erth      100%       N/A       6%          4
 Alistair's Intoxication  Alch           40%        N/A       7%          5
 Eringya's Noxious Bog    Alch           30%        4d6       11%         6
 Lehudib's Crystal Spear  Conj/Erth      46%        10d11     11%         8
 Anguish                  Hex/Necr       18%        N/A       13%         4
 Animate Dead             Necr           37%        N/A       13%         4
 Cause Fear               Hex            18%        N/A       13%         4
 Dispel Undead            Necr           37%        3d15      13%         4
 Manifold Assault         Tloc           37%        N/A       13%         4
 Passage of Golubria      Tloc           37%        N/A       13%         4
 Borgnjor's Vile Clutch   Necr/Erth      25%        N/A       16%         5
 Curse of Agony           Necr           37%        N/A       36%         5
 Summon Forest            Summ/Tloc      18%        N/A       36%         5
 Summon Mana Viper        Hex/Summ       37%        N/A       36%         5
 Polar Vortex             Ice            48%        12d6*     69%         9
 Death Channel            Necr           18%        N/A       90%         6
 Dispersal                Tloc           18%        N/A       90%         6
 Summon Cactus Giant      Summ           18%        N/A       90%         6
 Haunt                    Necr/Summ      18%        N/A       100%        7
 Summon Hydra             Summ           18%        N/A       100%        7
 Borgnjor's Revivificati  Necr           18%        N/A       100%        8
 Disjunction              Tloc           18%        N/A       100%        8
 Infestation              Necr           18%        N/A       100%        8
 Death's Door             Necr           18%        N/A       100%        9
 Dragon's Call            Summ           18%        N/A       100%        9


Dungeon Overview and Level Annotations

Branches:
Dungeon (15/15)            Temple (1/1) D:4            Lair (5/5) D:11
  Swamp (4/4) Lair:2        Snake (4/4) Lair:3        Slime (5/5) Lair:4
    Orc (2/2) D:10            Elf (3/3) Orc:2        Vaults (4/5) D:13
  Crypt (0/3) Vaults:2     Depths (4/4) D:15            Zot (5/5) Depths:4
 WizLab (visited)

Altars:
Ashenzari
Cheibriados
Dithmenos
Elyvilon
Fedhas
Gozag
Hepliaklqana
Kikubaaqudgha
Makhleb
Nemelex Xobeh
Okawaru
Qazlal
Ru
Sif Muna
Trog
Uskayaw
Vehumet
Wu Jian
Xom
Yredelemnul
Zin
The Shining One
Beogh
Jiyva

Shops:
D:14 [   Orc:1 *   Orc:2 (:[*   Elf:1 (   Elf:2 ?   Elf:3 =*[[   Snake:1 *![
Snake:4 [   Vaults:2 (   Vaults:3 ![!

Portals:
Hell: Depths:1 Depths:2 Depths:3 Depths:4
Abyss: Swamp:3 Depths:3
Pandemonium: Depths:2 Depths:3 Depths:4
Ziggurat: Depths:1

Annotations:
Swamp:1 Roxanne
Swamp:3 2 transporters, Ureret's ghost, adept GrFi
Elf:1 exclusion: door
Elf:2 3 runed translucent doors, exclusion: 3 doors
Depths:2 3 runed translucent doors, exclusion: 3 doors, Zuofef's ghost, veteran GrEE
Zot:3 1 transporter
Zot:5 1 exclusion


Innate Abilities, Weirdness & Mutations

You have a beak for a mouth.
You have claws for feet.
Your magical flight helps you evade attacks. (EV +4)
You can magically evade attacks while moving or waiting.
You are clumsy. (Dex -2)
You are dopey. (Int -2)
You are strong-willed. (Will+)
You are robust. (+10% HP)
You do not regenerate when monsters are visible.
You expend magic power (3 MP) to strengthen your wands.
You have hidden genetic defects.


Message History

The reaper hits you with a +1 vampiric scythe!
The reaper drags you backwards!
You take 16 damage, and have 176/192 hp.
You now have 43/48 mp.
Casting: Plasma Beam (safe; 1% risk of failure)
Press: ? - help, Q - select action, (/) - cycle Dir - look around, f - activate You feel a surge of power!
The bolt of lightning hits the reaper!!!
You kill the reaper!
Vehumet accepts your kill.
You feel your power returning.
You now have 42/48 mp.
There is a stone staircase leading up, spattered with blood here.
You regained 2 hp, and now have 179/192 hp.
You fly upwards.
There is a stone staircase leading down here.
You see here a potion of attraction.
You regained 3 hp, and now have 182/192 hp.
You regained 2 mp, and now have 45/48 mp.
Magic restored.
There is an open door here.
HP restored.
Your magical contamination has completely faded away.
There is a stone staircase leading up here.
You fly upwards.
There is a stone staircase leading down here.
There is an open door here.
A hellwing comes into view.
There is a stone staircase leading up here.
Health restored: 192; MP restored: 48 You fly upwards.
There is a stone staircase leading down, spattered with blood here.
You see here a +0 club.
Things that are here:
a +0 spear; a gnoll skeleton You see here 3 stones.
There is a stone staircase leading up here.
You fly upwards.
There is a stone staircase leading down here.
A cherub comes into view.
It is wielding a +4 long sword of flaming.
Casting: Plasma Beam (safe; 1% risk of failure)
Press: ? - help, Q - select action, (/) - cycle Dir - look around, f - activate You feel a surge of power!
The bolt of lightning hits the cherub!
The cherub resists.
The cherub is lightly wounded.
The fiery plasma misses the cherub.
You now have 43/48 mp.
Casting: Plasma Beam (safe; 1% risk of failure)
Press: ? - help, Q - select action, (/) - cycle Dir - look around, f - activate You feel a surge of power!
The bolt of lightning misses the cherub.
The fiery plasma hits the cherub but does no damage.
The cherub is lightly wounded.
The cherub unwields a +4 long sword of flaming.
It stops flaming.
The cherub wields a +0 longbow.
The cherub shoots an arrow.
The arrow hits you!
You take 13 damage, and have 179/192 hp.
You now have 37/48 mp.
Casting: Plasma Beam (safe; 1% risk of failure)
Press: ? - help, Q - select action, (/) - cycle Dir - look around, f - activate You feel a surge of power!
The bolt of lightning misses the cherub.
The fiery plasma misses the cherub.
You now have 32/48 mp.
Casting: Plasma Beam (safe; 1% risk of failure)
Confirm with . or Enter, or press ? or * to list all spells.
You begin accumulating electric charge. (Press . to continue charging.)
You feel charge building up...
The cherub shoots an arrow.
The arrow hits you!!
You take 25 damage, and have 154/192 hp.
You now have 25/48 mp.
You feel charge building up...
The cherub shoots an arrow.
The arrow completely misses you.
You feel charge building up...
The electricity discharges through the cherub!!!
The cherub vaporises in an electric haze!
You kill the cherub!
Vehumet accepts your kill.
You feel your power returning.
You regained 4 mp, and now have 30/48 mp.
A Hell Sentinel comes into view.
The Hell Sentinel gestures at you.
The sphere of damnation explodes!
The damnation engulfs you!!
You take 28 damage, and have 128/192 hp.
Blink to where?
Press: ? - help, Dir - move target
As you read the scroll of blinking, it crumbles to dust.
You regained 2 hp, and now have 130/192 hp.
An orange demon comes into view.
There is an open door here.
The orange demon screeches!
A sixfirhy comes into view.
Some rock shatters into small pieces.
There is an open door here.
Blink to where?
Press: ? - help, Dir - move target
As you read the scroll of blinking, it crumbles to dust.
You regained 2 hp, and now have 134/192 hp.
You have escaped!

.#....#...'...#...'...# #...
.#....#...#...#...#...# ######...
......##'#######'###'## #........
#######...#...#...#...# #.####...
.######.⌠.#...'...#(..###.#######
.....##...#...#...#...#...##.....
...#.###'###'#######'##.####.....
...#..#...#...#...#...#..........
...#..'.⌠.'...'.@.#.⌠.#.......###
..÷#.##..§#...#...#...##.##.#.# #
...#.###'###########'##..##.#.# #
.).#.##...#...#...#...#.##..).# #
.....##...'.⌠.+...'...#.##..#####
.....##...#...#...#...#.##.......
.....#######3#######1##.##..#.##.
...#.................)...........
...#####.........##..####........


There were no monsters in sight!

Vanquished Creatures
  the Royal Jelly (Slime:5)
  Dissolution (Slime:4)
  2 dread liches
  5 orbs of fire
  3 ancient liches (Zot:5)
  A juggernaut (Depths:4)
  2 antique champions (WizLab)
  Saint Roka (Vaults:1)
  the Lernaean hydra (Swamp:4)
  6 Killer Klowns (Zot:5)
  A caustic shrike (Depths:4)
  5 curse toes
  A golden dragon (Zot:3)
  Norris (Vaults:3)
  Rupert (Orc:1)
  9 tentacled monstrosities
  3 electric golems
  5 liches
  Asterion (Snake:4)
  A quicksilver dragon (Zot:4)
  2 deep elf blademasters (Elf:3)
  22 Orb Guardians (Zot:5)
  Mlioglotl (Swamp:3)
  14 sphinxes
  2 deep elf master archers (Elf:3)
  23 acid blobs
  An eldritch tentacle (Zot:5)
  17 death cobs
  2 ancient champions (WizLab)
  3 tengu reavers
  15 shadow dragons
  Aizul (Swamp:3)
  10 storm dragons
  5 nagarajas
  2 fenstrider witches (Swamp:4)
  10 draconian monks
  9 azure jellies
  6 rockslimes
  10 draconian knights
  5 frost giants
  3 protean progenitors (Zot:3)
  2 draconian scorchers (Zot:4)
  5 deep elf elementalists
  3 deep elf sorcerers
  An iron dragon (Depths:3)
  8 fire giants
  A juggernaut zombie (WizLab)
  10 vault wardens
  Louise (Swamp:4)
  An angel (Zot:4)
  3 ghouls (WizLab)
  6 draconian shifters
  6 ghost moths
  7 draconian annihilators
  5 spriggan defenders
  10 quicksilver oozes
  A reaper (D:5)
  19 very ugly things
  4 draconian stormcallers
  An orc warlord (Orc:2)
  5 ironbound thunderhulks
  15 stone giants
  6 eleionomae
  16 ironbound preservers
  10 formless jellyfish
  10 vampire knights
  9 deep elf demonologists
  5 green draconians
  15 black draconians
  7 deep elf death magi
  The ghost of Nasow the Metamorph, a journeyman TrSh of Gozag (Lair:2)
  12 red draconians
  5 bunyips
  9 deep elf annihilators
  11 purple draconians
  3 war gargoyles
  8 yellow draconians
  13 white draconians
  An eidolon (Vaults:2)
  5 dire elephants
  12 spark wasps
  4 crystal guardians
  7 ettins
  13 fire dragons
  6 entropy weavers
  A shambling mangrove (Swamp:3)
  5 jiangshi
  13 yaktaur captains
  Erolcha (Orc:2)
  5 vault guards
  10 great orbs of eyes
  2 deep elf high priests (Elf:3)
  Harold (Lair:1)
  26 hydras
  5 spriggan air magi
  12 rakshasas
  10 ironbound frosthearts
  8 salamander tyrants
  6 ice dragons
  5 catoblepae
  10 alligators
  4 peacekeepers
  9 anacondas
  6 ghost crabs
  7 boulder beetles
  17 centaur warriors
  A two-headed ogre (shapeshifter) (Depths:3)
  16 death yaks
  9 deep troll shamans
  Erica (D:9)
  A vampire mage (Depths:4)
  4 two-headed ogres
  10 dancing weapons
  9 deep troll earth magi
  The ghost of GreenGuy14 the Basher, a novice CoGl of Uskayaw (Lair:1)
  A hell hog (Depths:2)
  The ghost of croobank the Covert, a journeyman FeDe of Kikubaaqudgha (Lair:1)
  The ghost of croobank the Covert, a journeyman FeDe of Kikubaaqudgha (Lair:1)
  The ghost of 7151Change the Cleaver, a novice OnGl of Jiyva (Lair:1)
  7 orc high priests
  2 occultists
  3 tengu warriors
  8 shock serpents
  6 hell knights
  8 spriggan berserkers
  18 naga warriors
  A sun demon (Depths:2)
  5 iron trolls
  15 naga sharpshooters
  The ghost of ragingrage the Skirmisher, a novice DrHs of Hepliaklqana (Lair:1)
  A shock serpent (shapeshifter) (Depths:2)
  A soul eater (Depths:2)
  12 deep elf knights
  A spark wasp zombie (Depths:4)
  7 skysharks
  2 goliath frogs (Swamp:4)
  5 salamander mystics
  A skyshark (shapeshifter) (Elf:2)
  A glowing orange brain (shapeshifter) (Depths:4)
  5 skeletal warriors (WizLab)
  13 swamp dragons
  A cherub (D:1)
  4 spriggan druids
  7 flayed ghosts
  11 naga ritualists
  A glowing orange brain (Depths:4)
  12 mana vipers
  2 golden dragon skeletons (WizLab)
  5 phantasmal warriors
  13 ironbound convokers
  6 arcanists
  64 deep trolls
  A lindwurm (Lair:4)
  14 bog bodies
  15 deep elf archers
  6 orc knights
  20 deep elf pyromancers
  A shining eye (shapeshifter) (Depths:4)
  2 thermic dynamos (Elf:3)
  23 deep elf zephyrmancers
  4 harpies (Vaults:2)
  8 necromancers
  50 ugly things
  5 orc sorcerers
  A wolf spider zombie (D:15)
  14 salamanders
  11 shining eyes
  4 manticores
  A cyclops (D:14)
  A tengu skeleton (Vaults:3)
  22 moths of wrath
  2 meliai (D:14)
  5 will-o-the-wisps
  An elephant (Lair:4)
  A frost giant skeleton (Vaults:3)
  44 black mambas
  A meliai (shapeshifter) (Elf:2)
  21 naga magi
  4 eyes of devastation
  10 vault sentinels
  A centaur zombie (D:15)
  2 centaur skeletons (D:15)
  17 cane toads
  5 gargoyles
  An eye of devastation (shapeshifter) (Elf:2)
  An unseen horror (D:11)
  7 guardian serpents
  2 cane toads (shapeshifter)
  5 rime drakes
  38 yaktaurs
  Maggie (D:10)
  A torpor snail (Lair:2)
  A hellion (D:15)
  A tormentor (Depths:2)
  A yaktaur zombie (Vaults:3)
  7 kobold demonologists
  10 komodo dragons
  8 tengu conjurers
  7 polar bears
  4 tyrant leeches
  4 trolls
  10 blink frogs
  13 hornets
  2 glass eyes
  A dream sheep (Lair:4)
  A jumping spider (Vaults:3)
  A jumping spider (shapeshifter) (Depths:3)
  15 spriggans
  A culicivora (Vaults:2)
  145 slime creatures
  4 water elementals
  10 wyverns
  A yak (shapeshifter) (Depths:4)
  A hog (shapeshifter) (Elf:2)
  2 wraiths
  4 wargs
  7 vampires
  2 fire elementals (Elf:2)
  6 humans (D:13)
  40 yaks
  3 basilisks
  21 vampire mosquitoes
  10 golden eyes
  4 redbacks
  A redback simulacrum (D:15)
  61 nagas
  16 swamp worms
  An acid dragon (D:11)
  14 water moccasins
  3 two-headed ogre zombies (WizLab)
  4 sky beasts
  34 orc warriors
  9 swamp drakes
  2 ice beasts (D:7)
  3 black bears
  4 ogres
  17 centaurs
  5 boggarts (Vaults:3)
  A human skeleton (Vaults:3)
  16 wolves
  3 phantoms
  5 kobold brigands
  5 earth elementals
  9 bullfrogs
  A cyclops zombie (WizLab)
  4 scorpions
  A cyclops skeleton (WizLab)
  4 wights (D:10)
  5 killer bees (D:10)
  9 howler monkeys
  4 electric eels
  4 bombardier beetles
  3 hounds
  2 jellies
  22 orc priests
  2 sleepcaps (D:7)
  10 hell rats (Lair:1)
  4 iguanas
  18 orc wizards
  7 gnolls
  8 river rats (Lair:1)
  10 adders
  A shadow imp (D:6)
  A white imp (D:6)
  2 ufetubi
  2 dart slugs
  6 ribbon worms
  65 orcs
  7 endoplasms
  3 giant cockroaches
  7 goblins
  8 hobgoblins
  4 jackals (D:3)
  11 quokkas
  A quokka (shapeshifter) (Elf:2)
  8 ball pythons
  7 bats
  3 frilled lizards (D:1)
  17 kobolds
  17 rats
  2 aspiring fleshes (Zot:3)
2207 creatures vanquished.

Vanquished Creatures (others)
  A water elemental (D:12)
  A spriggan (Swamp:1)
  An orc warrior (Orc:2)
  12 foxfires
15 creatures vanquished.

Grand Total: 2222 creatures vanquished

Notes
Turn   | Place    | Note
-------+----------+-------------------------------------------
     0 | D:1      | gimp the Tengu Earth Elementalist began the quest for the
                  | Orb.
     0 | D:1      | Reached XP level 1. HP: 10/10 MP: 4/4
   189 | D:1      | Reached XP level 2. HP: 15/15 MP: 4/6
   639 | D:1      | Reached XP level 3. HP: 19/19 MP: 4/7
   643 | D:1      | Learned a level 3 spell: Stone Arrow
  1530 | D:2      | Reached XP level 4. HP: 24/24 MP: 5/9
  2179 | D:3      | Noticed a phantom
  2195 | D:2      | Killed a phantom
  2196 | D:2      | Reached XP level 5. HP: 22/28 MP: 2/11
  2537 | D:3      | Found a stormy altar of Qazlal.
  2537 | D:3      | Noticed a sky beast
  2543 | D:3      | Killed a sky beast
  2544 | D:3      | Reached XP level 6. HP: 32/32 MP: 2/12
  2792 | D:3      | Found a faded altar of an unknown god.
  2937 | D:3      | Found a basalt altar of Yredelemnul.
  3013 | D:3      | Reached skill level 5 in Conjurations
  3467 | D:4      | Found a staircase to the Ecumenical Temple.
  3472 | D:4      | Gained mutation: Your magical flight helps you evade
                  | attacks. (EV +4) [Tengu growth]
  3472 | D:4      | Reached XP level 7. HP: 30/36 MP: 10/14
  3478 | Temple   | Entered the Ecumenical Temple
  3500 | Temple   | Became a worshipper of Vehumet
  3550 | D:4      | Learned a level 3 spell: Mephitic Cloud
  4713 | D:4      | You are sucked into a shaft and drop 3 floors!
  4726 | D:7      | Reached skill level 1 in Air Magic
  4915 | D:7      | Noticed a yak
  4966 | D:7      | Reached skill level 5 in Spellcasting
  4966 | D:7      | Reached XP level 8. HP: 30/41 MP: 3/16
  5067 | D:7      | Found a glowing silver altar of Zin.
  5101 | D:7      | Found a burning altar of Makhleb.
  5711 | D:5      | Entered Level 5 of the Dungeon
  5929 | D:5      | Reached * piety under Vehumet
  5929 | D:5      | Offered knowledge of Sting by Vehumet.
  6204 | D:5      | Reached skill level 5 in Air Magic
  6770 | D:5      | Found a broken altar of Ashenzari.
  6867 | D:5      | Reached XP level 9. HP: 45/45 MP: 12/19
  7610 | D:6      | Offered knowledge of Scorch by Vehumet.
  7637 | D:6      | Reached ** piety under Vehumet
  7737 | D:6      | Noticed a two-headed ogre
  7741 | D:6      | Killed a two-headed ogre
  8584 | D:7      | Found a snail-covered altar of Cheibriados.
  8610 | D:7      | Reached XP level 10. HP: 50/50 MP: 21/23
  9312 | D:8      | Reached skill level 10 in Conjurations
  9422 | D:8      | Identified the +0 scimitar "Hefe Hos" {flame, Dex+6}
  9796 | D:8      | Found an ancient bone altar of Kikubaaqudgha.
 10114 | D:8      | Offered knowledge of Searing Ray by Vehumet.
 10325 | D:8      | Learned a level 5 spell: Freezing Cloud
 10749 | D:9      | Reached skill level 1 in Ice Magic
 10979 | D:9      | Reached *** piety under Vehumet
 11055 | D:9      | Found a sacrificial altar of Ru.
 11107 | D:9      | Noticed Erica
 11200 | D:9      | Killed Erica
 11308 | D:9      | Noticed a kobold demonologist
 11308 | D:9      | Noticed a kobold demonologist
 11309 | D:9      | Noticed a kobold demonologist
 11311 | D:9      | Noticed a sun demon
 11314 | D:9      | Killed a kobold demonologist
 11321 | D:9      | Killed a kobold demonologist
 11325 | D:9      | Killed a kobold demonologist
 11613 | D:10     | Entered Level 10 of the Dungeon
 11691 | D:10     | Offered knowledge of Hailstorm by Vehumet.
 11749 | D:10     | Reached XP level 11. HP: 54/54 MP: 25/25
 11753 | D:10     | Reached skill level 10 in Spellcasting
 11936 | D:10     | Found a staircase to the Orcish Mines.
 12148 | D:10     | Noticed Maggie
 12158 | D:10     | Killed Maggie
 12260 | D:10     | Found an opulent altar of Gozag.
 12278 | D:10     | Reached skill level 10 in Air Magic
 12449 | D:10     | Found a sparkling altar of Nemelex Xobeh.
 12610 | D:10     | Reached **** piety under Vehumet
 12698 | D:10     | Reached skill level 1 in Fighting
 13112 | D:11     | Noticed a two-headed ogre
 13127 | D:11     | Killed a two-headed ogre
 13330 | D:11     | Offered knowledge of Olgreb's Toxic Radiance by Vehumet.
 13732 | D:11     | Found a staircase to the Lair.
 14396 | D:12     | Found a flickering gateway to a bazaar.
 14450 | D:12     | Reached XP level 12. HP: 42/64 MP: 25/28
 14505 | D:12     | Reached skill level 5 in Ice Magic
 14559 | D:12     | Noticed a two-headed ogre
 14572 | Bazaar   | Entered a bazaar
 14572 | Bazaar   | Found Hovecyu's Assorted Antiques.
 14600 | Bazaar   | Found Digunut's Weapon Boutique.
 14615 | Bazaar   | Found Deichi's Distillery.
 14622 | Bazaar   | Bought 2 potions of heal wounds for 190 gold pieces
 14622 | Bazaar   | Bought a potion of curing for 57 gold pieces
 14636 | Bazaar   | Bought a scroll of amnesia for 68 gold pieces
 14636 | Bazaar   | Bought a twisted smoking staff for 204 gold pieces
 14641 | Bazaar   | Found Iwan's General Store.
 14649 | Bazaar   | Bought a scroll of fog for 40 gold pieces
 14654 | Bazaar   | Found Sokuijeh's Assorted Antiques.
 14662 | Bazaar   | Bought a scroll labelled XAAWUL NEOGUAM for 16 gold pieces
 14662 | Bazaar   | Bought a scroll labelled HOBICSI QYIHE for 16 gold pieces
 14662 | Bazaar   | Bought a scroll of identify for 32 gold pieces
 14786 | D:12     | Killed a two-headed ogre
 14938 | Lair:1   | Entered Level 1 of the Lair of Beasts
 15078 | Lair:1   | Found a runed translucent gate.
 15078 | Lair:1   | Found a runed translucent gate.
 15100 | Lair:1   | Found a runed translucent gate.
 15102 | Lair:1   | Noticed ragingrage's ghost (novice DrHs)
 15102 | Lair:1   | Noticed GreenGuy14's ghost (novice CoGl)
 15102 | Lair:1   | Noticed croobank's ghost (journeyman FeDe)
 15102 | Lair:1   | Noticed 7151Change's ghost (novice OnGl)
 15102 | Lair:1   | Noticed croobank's ghost (journeyman FeDe)
 15157 | Lair:1   | Reached ***** piety under Vehumet
 15159 | Lair:1   | Offered knowledge of Irradiate by Vehumet.
 15166 | Lair:1   | Learned a level 5 spell: Irradiate
 15462 | Lair:1   | Reached skill level 1 in Alchemy
 15537 | Lair:1   | Noticed Harold
 15548 | Lair:1   | Killed Harold
 16208 | Lair:1   | Reached skill level 5 in Dodging
 17056 | Lair:2   | Found a runed translucent door.
 17057 | Lair:2   | Noticed Nasow's ghost (journeyman TrSh)
 17116 | Lair:2   | Noticed a death yak
 17150 | Lair:2   | Noticed a catoblepas
 17171 | Lair:2   | Killed a death yak
 17178 | Lair:2   | Killed a catoblepas
 17452 | Lair:2   | Noticed a death yak
 17454 | Lair:2   | Noticed a death yak
 17459 | Lair:2   | Killed a death yak
 17459 | Lair:2   | Noticed a death yak
 17461 | Lair:2   | Noticed a death yak
 17462 | Lair:2   | Killed a death yak
 17465 | Lair:2   | Reached XP level 13. HP: 68/68 MP: 15/31
 17748 | Lair:2   | Offered knowledge of Orb of Destruction by Vehumet.
 17758 | Lair:2   | Learned a level 7 spell: Orb of Destruction
 17781 | Lair:2   | Found a staircase to the Swamp.
 18637 | Lair:3   | Found a staircase to the Snake Pit.
 20417 | Lair:4   | Found a staircase to the Slime Pits.
 20511 | Lair:4   | Reached XP level 14. HP: 74/74 MP: 13/33
 20655 | Lair:4   | Identified the granite talisman "Simo Aja" {rCorr MP-9
                  | Dex+5 SInv}
 21059 | Slime:1  | Entered Level 1 of the Pits of Slime
 21059 | Slime:1  | Noticed an azure jelly
 21069 | Lair:5   | Entered Level 5 of the Lair of Beasts
 21713 | Lair:5   | Found an ancient bone altar of Kikubaaqudgha.
 21943 | Lair:5   | Offered knowledge of Lee's Rapid Deconstruction by Vehumet.
 22003 | Lair:5   | Reached skill level 15 in Spellcasting
 23085 | Lair:5   | Reached skill level 10 in Dodging
 23427 | Lair:5   | Reached skill level 15 in Conjurations
 23711 | Lair:5   | Identified the +3 trident of the Vendetta {pain, Dex+3}
 23938 | Orc:1    | Entered Level 1 of the Orcish Mines
 23938 | Orc:1    | Found Xaliud's Assorted Antiques.
 24429 | Orc:1    | Offered knowledge of Ozocubu's Refrigeration by Vehumet.
 24560 | Orc:1    | Learned a level 7 spell: Ozocubu's Refrigeration
 24895 | Orc:1    | Found a roughly hewn altar of Beogh.
 24933 | Orc:2    | Entered Level 2 of the Orcish Mines
 24944 | Orc:2    | Noticed Erolcha
 25075 | Orc:2    | Reached XP level 15. HP: 48/78 MP: 12/35
 25197 | Orc:2    | Noticed Rupert
 25246 | Orc:1    | Bought a fine granite ring for 145 gold pieces
 25246 | Orc:1    | Identified the ring "Cuhe" {rElec rF+ rC+ Str+6} (You
                  | bought it in a shop on level 1 of the Orcish Mines)
 25246 | Orc:1    | Bought a scroll of identify for 58 gold pieces
 26045 | D:12     | Learned a level 4 spell: Sticky Flame
 27684 | D:13     | Learned a level 2 spell: Blink
 27684 | D:13     | Found a gate to the Vaults.
 28820 | D:14     | Found Sexool's Antique Armour Shoppe.
 28968 | D:15     | Entered Level 15 of the Dungeon
 29096 | D:15     | Found a shadowy altar of Dithmenos.
 30095 | D:15     | Offered knowledge of Arcjolt by Vehumet.
 30604 | D:15     | Found a staircase to the Depths.
 30618 | D:15     | Reached XP level 16. HP: 65/83 MP: 9/38
 31037 | Orc:2    | Killed Erolcha
 31486 | Orc:1    | Killed Rupert
 31757 | Orc:2    | Found Abunwamn's Antique Armour Boutique.
 31757 | Orc:2    | Found a staircase to the Elven Halls.
 32225 | Orc:2    | Found Datol's General Store.
 32349 | Orc:2    | Found Siopsaho's Antique Weapon Shop.
 32416 | Orc:2    | Found Enweul's Book Emporium.
 32554 | Orc:2    | Bought a glimmering leather armour for 266 gold pieces
 32554 | Orc:2    | Identified the +3 leather armour of the Shrike {rC+ Int+3}
                  | (You bought it in a shop on level 2 of the Orcish Mines)
 32593 | Orc:2    | Bought Maxwell's Memoranda for 560 gold pieces
 32593 | Orc:2    | Bought a book of Party Tricks for 308 gold pieces
 32627 | Orc:2    | Bought a scroll of fear for 52 gold pieces
 32715 | D:12     | Identified the +2 trident of the Freezing Wolf {pain, rF+
                  | Str+3}
 32823 | D:12     | Identified a scroll of acquirement
 32823 | D:12     | Acquired the amulet "Mehomufo" {Regen+ RegenMP+ Int+4 Dex+3
                  | SInv}
 32921 | D:14     | Bought a bloodstained ring mail for 324 gold pieces
 32921 | D:14     | Identified the +1 ring mail of Bad Feelings {rC++ Str+3
                  | Int+3} (You bought it in a shop on level 14 of the Dungeon)
 33122 | Swamp:1  | Entered Level 1 of the Swamp
 33125 | Swamp:1  | Noticed Roxanne
 33265 | Swamp:1  | You are sucked into a shaft and drop 1 floor!
 33298 | Swamp:2  | Reached skill level 5 in Fighting
 33484 | Swamp:2  | Reached skill level 10 in Ice Magic
 34192 | Swamp:1  | Offered knowledge of Spellforged Servitor by Vehumet.
 34668 | Swamp:2  | Learned a level 1 spell: Apportation
 34853 | Swamp:2  | Found a basalt altar of Yredelemnul.
 35025 | Swamp:3  | Reached skill level 1 in Armour
 35039 | Swamp:3  | Found a one-way gate to the infinite horrors of the Abyss.
 35039 | Swamp:3  | Noticed Ureret's ghost (adept GrFi)
 35043 | Swamp:3  | Found a transporter.
 35079 | Swamp:3  | Found a transporter.
 35081 | Swamp:3  | Noticed a tentacled starspawn
 35106 | Swamp:3  | Reached XP level 17. HP: 94/96 MP: 27/40
 35124 | Swamp:3  | Noticed a tentacled monstrosity
 35131 | Swamp:3  | Killed a tentacled monstrosity
 35212 | Swamp:3  | Identified the serpent talisman of Qilefez {*Corrode rC+
                  | rN++ Stlth-}
 35212 | Swamp:3  | Noticed Aizul
 35219 | Swamp:3  | Killed Aizul
 35254 | Swamp:3  | Identified the ring "Yzypt" {Ice Fly}
 35279 | Swamp:3  | Noticed Mlioglotl
 35287 | Swamp:3  | Killed Mlioglotl
 35782 | Swamp:4  | Entered Level 4 of the Swamp
 35786 | Swamp:4  | Reached skill level 1 in Shields
 35786 | Swamp:4  | Paralysed by a fenstrider witch for 4 turns
 35795 | Swamp:4  | Noticed Louise
 36182 | Swamp:4  | Killed Louise
 36319 | Swamp:4  | Offered knowledge of Plasma Beam by Vehumet.
 36331 | Swamp:4  | Learned a level 6 spell: Plasma Beam
 36780 | Swamp:4  | Noticed the 27-headed Lernaean hydra
 36785 | Swamp:4  | Killed the 27-headed Lernaean hydra
 36786 | Swamp:4  | Reached skill level 5 in Shields
 36837 | Swamp:4  | Got a decaying rune of Zot
 37226 | Snake:1  | Entered Level 1 of the Snake Pit
 37226 | Snake:1  | Found Liexaduck's Antique Armour Emporium.
 37272 | Snake:1  | Bought a runed cloak for 225 gold pieces
 37426 | Snake:1  | Identified the +0 robe of the Watchman {rC+ Str+5 Dex+3}
 37605 | Snake:1  | Found Quekh's General Store.
 37610 | Snake:1  | Found Qoig's Distillery.
 37615 | Snake:1  | Reached XP level 18. HP: 101/101 MP: 19/41
 37710 | Snake:1  | Bought a scroll of teleportation for 48 gold pieces
 37721 | Snake:1  | Bought a potion of haste for 130 gold pieces
 37721 | Snake:1  | Bought a potion of curing for 39 gold pieces
 37721 | Snake:1  | Bought a potion of curing for 39 gold pieces
 37721 | Snake:1  | Bought a potion of brilliance for 52 gold pieces
 37721 | Snake:1  | Bought a potion of magic for 104 gold pieces
 38437 | Snake:2  | Reached skill level 1 in Fire Magic
 39232 | Snake:2  | Reached skill level 5 in Fire Magic
 39436 | Snake:2  | Identified the +8 great mace "Jenofur" {flame, rF+ Will+
                  | Dex+4}
 40721 | Snake:3  | Reached ****** piety under Vehumet
 41565 | Snake:4  | Entered Level 4 of the Snake Pit
 41795 | Snake:4  | Reached XP level 19. HP: 105/105 MP: 21/43
 42053 | Snake:4  | Found Oghippaise's Antique Armour Shoppe.
 42061 | Snake:4  | Bought a faintly glowing robe for 222 gold pieces
 42061 | Snake:4  | Identified the +1 robe of the Akabeko {Int+5} (You bought
                  | it in a shop on level 4 of the Snake Pit)
 42078 | Snake:4  | Noticed Asterion
 42082 | Snake:4  | Killed Asterion
 42213 | Snake:4  | Offered knowledge of Fire Storm by Vehumet.
 42213 | Snake:4  | Offered knowledge of Shatter by Vehumet.
 42213 | Snake:4  | Offered knowledge of Chain Lightning by Vehumet.
 42492 | Snake:4  | Reached skill level 10 in Fire Magic
 43311 | Snake:4  | Got a serpentine rune of Zot
 43594 | Vaults:1 | Entered Level 1 of the Vaults
 43826 | Vaults:1 | Noticed Saint Roka
 43849 | Vaults:1 | Killed Saint Roka
 44008 | Vaults:1 | Reached skill level 10 in Shields
 44519 | Vaults:1 | Reached XP level 20. HP: 111/111 MP: 40/45
 45024 | Vaults:1 | Identified the +0 ring mail "Mamet" {Int+9}
 45568 | Vaults:2 | Found a magical portal.
 45583 | WizLab   | Entered Zonguldrok's Shrine
 45593 | WizLab   | Learned a level 8 spell: Maxwell's Capacitive Coupling
 45602 | WizLab   | Learned a level 8 spell: Ignition
 46123 | WizLab   | Noticed an antique champion
 46123 | WizLab   | Noticed an antique champion
 46138 | WizLab   | Killed an antique champion
 46140 | WizLab   | Killed an antique champion
 46193 | WizLab   | Got Hoypten's Tome of Unholy Magic
 46202 | WizLab   | Identified the +8 plate armour of Ennui {Rampage}
 46207 | WizLab   | Identified the +1 chain mail of Fashionability {-Cast
                  | Dex+7}
 46215 | WizLab   | Identified the +0 tower shield "Napta" {rElec rF++ rN+
                  | Str-4}
 46220 | WizLab   | Got the Omnibus of Rot
 46732 | Vaults:2 | Reached skill level 15 in Air Magic
 46834 | Vaults:2 | Found a staircase to the Crypt.
 47354 | Vaults:2 | Found Salalu's Weapon Shop.
 47470 | Vaults:2 | Reached XP level 21. HP: 115/115 MP: 20/46
 48082 | Vaults:3 | Reached skill level 15 in Fire Magic
 48466 | Vaults:3 | Noticed Norris
 48500 | Vaults:3 | Killed Norris
 48683 | Vaults:3 | Found Guystret's Armour Boutique.
 48705 | Vaults:3 | Found Suqaqut's Distillery.
 48826 | Vaults:3 | Found Rany's Distillery.
 50639 | Vaults:4 | Learned a level 5 spell: Fireball
 50958 | Lair:1   | Killed croobank's ghost
 50959 | Lair:1   | Killed GreenGuy14's ghost
 50959 | Lair:1   | Killed 7151Change's ghost
 50959 | Lair:1   | Killed ragingrage's ghost
 50964 | Lair:1   | Killed croobank's ghost
 50965 | Lair:1   | Reached XP level 22. HP: 110/120 MP: 24/47
 51097 | Lair:2   | Killed Nasow's ghost
 51261 | Elf:1    | Entered Level 1 of the Elven Halls
 51614 | Elf:1    | Found a hide-covered altar of Uskayaw.
 51614 | Elf:1    | Identified the +4 mace "Lilian" {heavy, rN+ Int+4 Dex+2}
 51821 | Elf:1    | Found Pyhoad's Weapon Boutique.
 52290 | Elf:2    | Identified the +10 falchion "Hisaano" {drain, Will+ SInv
                  | Stlth+}
 52498 | Elf:2    | Reached skill level 15 in Shields
 52796 | Elf:2    | Found a runed translucent gate.
 52796 | Elf:2    | Found a runed translucent gate.
 52797 | Elf:2    | Found a runed translucent gate.
 53026 | Elf:2    | Found Jirialou's Magic Scroll Boutique.
 53033 | Elf:2    | Bought a scroll of fog for 56 gold pieces
 53033 | Elf:2    | Bought a scroll of revelation for 105 gold pieces
 53033 | Elf:2    | Bought a scroll of revelation for 105 gold pieces
 53219 | Elf:3    | Entered Level 3 of the Elven Halls
 53229 | Elf:3    | Found Kudocih's Antique Armour Shoppe.
 53240 | Elf:3    | Found Inloh's Armour Emporium.
 53461 | Elf:3    | Found Xaluit's Jewellery Shop.
 53494 | Elf:3    | Found Jaofoc's Assorted Antiques.
 53501 | Elf:3    | Bought a potion of heal wounds for 170 gold pieces
 53501 | Elf:3    | Bought a scroll of fog for 136 gold pieces
 54201 | Elf:3    | Identified the +0 glaive "Ryl Vira" {chaos, rElec Will-
                  | MP+9 Str+2}
 54541 | Slime:1  | Gained mutation: Your health recovers twice as slowly from
                  | being drained. [a shining eye]
 54552 | Slime:1  | Paralysed by a formless jellyfish for 1 turns
 54557 | Slime:1  | Gained mutation: You have hidden genetic defects. [a
                  | shining eye]
 54559 | Slime:1  | Reached XP level 23. HP: 54/130 MP: 48/48
 54563 | Slime:1  | Gained mutation: You are clumsy. (Dex -2) [a shining eye]
 54637 | Lair:4   | Lost mutation: You have hidden genetic defects. [potion of
                  | mutation]
 54637 | Lair:4   | Lost mutation: Your health recovers twice as slowly from
                  | being drained. [potion of mutation]
 54637 | Lair:4   | Gained mutation: Potions are less effective at restoring
                  | your health. [potion of mutation]
 54637 | Lair:4   | Gained mutation: You are very clumsy. (Dex -4) [potion of
                  | mutation]
 54637 | Lair:4   | Gained mutation: You expend magic power (3 MP) to
                  | strengthen your wands. [potion of mutation]
 54638 | Lair:4   | Lost mutation: Potions are less effective at restoring your
                  | health. [potion of mutation]
 54638 | Lair:4   | Lost mutation: You expend magic power (3 MP) to strengthen
                  | your wands. [potion of mutation]
 54638 | Lair:4   | Gained mutation: Your system is resistant to poisons.
                  | (rPois) [potion of mutation]
 54638 | Lair:4   | Gained mutation: You occasionally lose the ability to drink
                  | potions when taking damage. [potion of mutation]
 55105 | Slime:4  | Noticed Dissolution
 55110 | Slime:4  | Killed Dissolution
 55258 | Slime:4  | Reached skill level 10 in Fighting
 55261 | Slime:4  | Found a viscous altar of Jiyva.
 55302 | Slime:5  | Entered Level 5 of the Pits of Slime
 55322 | Slime:5  | Noticed the Royal Jelly
 55379 | Slime:5  | Killed the Royal Jelly
 55407 | Slime:5  | Identified the ring of Ixzit {rElec rF+ Str+4 Dex+6}
 55479 | Slime:5  | Identified the +2 orcbow of Holash {flame, Int+3 Stlth+}
 55480 | Slime:5  | Identified the +0 cloak of Resonance {Int+2}
 55613 | Slime:5  | Got the Compendium of the Escort and Refrigeration
 55632 | Slime:5  | Gained mutation: You are frail. (-10% HP) [a shining eye]
 55728 | Slime:5  | Got a slimy rune of Zot
 56027 | D:11     | Lost mutation: You occasionally lose the ability to drink
                  | potions when taking damage. [potion of mutation]
 56027 | D:11     | Lost mutation: Your system is resistant to poisons. (rPois)
                  | [potion of mutation]
 56027 | D:11     | Gained mutation: You are strong-willed. (Will+) [potion of
                  | mutation]
 56027 | D:11     | Lost mutation: You are very clumsy. (Dex -4) [potion of
                  | mutation]
 56027 | D:11     | Gained mutation: You possess an exceptional clarity of
                  | mind. [potion of mutation]
 56027 | D:11     | Gained mutation: You expend magic power (3 MP) to
                  | strengthen your wands. [potion of mutation]
 56028 | D:11     | Lost mutation: You possess an exceptional clarity of mind.
                  | [potion of mutation]
 56028 | D:11     | Lost mutation: You are frail. (-10% HP) [potion of
                  | mutation]
 56028 | D:11     | Gained mutation: You are dopey. (Int -2) [potion of
                  | mutation]
 56029 | D:11     | Lost mutation: You are dopey. (Int -2) [potion of mutation]
 56029 | D:11     | Lost mutation: You expend magic power (3 MP) to strengthen
                  | your wands. [potion of mutation]
 56029 | D:11     | Gained mutation: You are robust. (+10% HP) [potion of
                  | mutation]
 56029 | D:11     | Gained mutation: You expend magic power (3 MP) to
                  | strengthen your wands. [potion of mutation]
 56170 | Depths:1 | Entered Level 1 of the Depths
 56317 | Depths:1 | Found a one-way gateway to a ziggurat.
 56357 | Depths:1 | Acquired 856 gold pieces
 56527 | Depths:1 | Found an ornate altar of the Wu Jian Council.
 57142 | Depths:1 | Found a gateway to Hell.
 57232 | Depths:1 | Reached XP level 24. HP: 156/156 MP: 32/48
 57284 | Depths:1 | Found a hide-covered altar of Uskayaw.
 57570 | Depths:2 | Found a runed translucent gate.
 57570 | Depths:2 | Found a runed translucent gate.
 57570 | Depths:2 | Found a runed translucent gate.
 57570 | Depths:2 | Noticed Zuofef's ghost (veteran GrEE)
 57787 | Depths:2 | Identified the +4 demon trident of Patterns {vamp, rF-
                  | rN+++ Str+4}
 57983 | Depths:2 | Found a one-way gate leading to the halls of Pandemonium.
 58313 | Depths:2 | Identified the +5 mace of Famine {flame, Will+}
 58765 | Depths:3 | Identified the +0 leather armour of Duty {rC+ Int+3}
 59422 | Depths:4 | Entered Level 4 of the Depths
 59809 | Depths:4 | Reached XP level 25. HP: 165/165 MP: 16/48
 59913 | Depths:4 | Found a gate to the Realm of Zot.
 60066 | Depths:4 | Noticed a juggernaut
 60071 | Depths:4 | Killed a juggernaut
 60171 | Depths:4 | Identified the +0 plate armour "Turiqups" {Will+ Dex+4}
 60879 | Depths:4 | Learned a level 9 spell: Chain Lightning
 60891 | Zot:1    | Entered Level 1 of the Realm of Zot
 61723 | Zot:2    | Reached skill level 15 in Dodging
 61726 | Zot:2    | Found a stormy altar of Qazlal.
 62040 | Zot:2    | Found a stormy altar of Qazlal.
 62335 | Zot:2    | Noticed an orb of fire
 62339 | Zot:2    | Killed an orb of fire
 62658 | Zot:3    | Reached XP level 26. HP: 145/172 MP: 11/48
 63265 | Zot:3    | Found the +0 mask of the Dragon {Will+ Slay+3 SInv}
 63294 | Zot:3    | Found a transporter.
 63300 | Zot:3    | Noticed a dread lich
 63306 | Zot:3    | Killed a dread lich
 63667 | Zot:4    | Reached skill level 15 in Fighting
 64215 | Zot:4    | Got the Papyrus of Sinister Acts
 64291 | Zot:4    | Noticed an orb of fire
 64294 | Zot:4    | Gained mutation: You do not regenerate when monsters are
                  | visible. [an orb of fire]
 64296 | Zot:4    | Killed an orb of fire
 65678 | Zot:5    | Entered Level 5 of the Realm of Zot
 65952 | Zot:5    | Reached XP level 27. HP: 187/187 MP: 42/48
 65995 | Zot:5    | Noticed an ancient lich
 66009 | Zot:5    | Killed an ancient lich
 66050 | Zot:5    | Noticed an orb of fire
 66058 | Zot:5    | Killed an orb of fire
 66227 | Zot:5    | Noticed an orb of fire
 66233 | Zot:5    | Killed an orb of fire
 66382 | Zot:5    | Noticed a dread lich
 66391 | Zot:5    | Killed a dread lich
 66660 | Zot:5    | Noticed an orb of fire
 66673 | Zot:5    | Gained mutation: You have hidden genetic defects. [an orb
                  | of fire]
 66799 | Zot:5    | Gained mutation: You are dopey. (Int -2) [an orb of fire]
 66801 | Zot:5    | Killed an orb of fire
 66821 | Zot:5    | Noticed an ancient lich
 66827 | Zot:5    | Killed an ancient lich
 66878 | Zot:5    | Noticed an ancient lich
 66889 | Zot:5    | Killed an ancient lich
 67063 | Zot:5    | Got the Orb of Zot
 67306 | Depths:3 | Noticed Cenguat the pandemonium lord
 67330 | Depths:1 | Noticed a seraph
 67535 | D:6      | Noticed Remm the pandemonium lord
 67634 | D:$      | Escaped with the Orb!

Illustrated notes

Levels and vault maps discovered:
D:1:      co_arrival_random_square_maze, layout_basic, serial_bayou_lake_a
D:2:      layout_loops_ring
D:3:      layout_basic, nicolae_qazlal_beasts_of_the_sky, amcnicky_altar_gilded,
          ebering_ecumenical_altar_ruins,
          nicolae_concentric_dashed_squares_mild, minmay_misc_feat_chi
D:4:      layout_gridville, minmay_temple_entry_overgrown, minivault_25,
          eino_small_chamber_without_monster
D:5:      layout_layer_cave, mainiacjoe_overflow_alcove_2, nicolae_wormholes
D:6:      layout_basic, minmay_bent
D:7:      minmay_chambers_of_fours, layout_basic, kennysheep_mini,
          general_overflow_altar, slow_altar_1
D:8:      layout_basic, kiku_gazebo_pond_becter, grunt_decor_mini_mirrors,
          grunt_decor_clamped
D:9:      layout_stronghold, nicolae_overflow_hidden_temple, uniq_erica
D:10:     layout_basic, grunt_gozag_breadcrumbs, old_standard_altar,
          david_orc_3, minivault_10, uniq_maggie
D:11:     layout_roguey, minmay_lair_entry_grove
D:12:     layout_basic, serial_shops, freezing_bzr,
          nicolae_straight_to_the_point
D:13:     layout_cave_pools, hellmonk_vaults_keyhole
D:14:     layout_long_grid, small_statue_alley_a, serial_shops,
          nicolae_shop_tiny_glass
D:15:     grunt_enter_depths_magical_seal, layout_basic, grunt_dithmenos_smoke
Temple:   chequers_temple_sunken
Lair:1:   lemuel_ratsnest, layout_loops_ring, gammafunk_ghost_cemetery,
          small_statue_intersection, serial_bayou_ford_a, uniq_harold
Lair:2:   layout_gridlike, minmay_swamp_entry_wisps, gammafunk_ghost_grave,
          st_stairs_13, grunt_megastairs_2
Lair:3:   layout_misc_corridors, guppyfry_snake_entry_garden, serial_forest,
          infiniplex_forest_lined_ring, infiniplex_forest_zigzag_1,
          infiniplex_forest_lined_room_2, infiniplex_forest_corner_1,
          infiniplex_forest_clump_small, infiniplex_forest_clump_cross,
          cheibrodos_lair_lostbears
Lair:4:   layout_long_grid, slime_entry_1, serial_bayou_pond_c,
          hellmonk_talismancer, serial_bayou_shore_a, wad_woods_river_01
Lair:5:   evilmike_catoblepas_cave, layout_regular_city, lemuel_centaur_altar
Swamp:1:  layout_falls_marsh, nicolae_swamp_dense_foliage, swamp_pool_4,
          nicolae_swamp_bean_lake, uniq_roxanne
Swamp:2:  layout_basic_swamp, evilmike_swamp_ruin_house_2, swamp_pool_3,
          grunt_ruined_hall
Swamp:3:  layout_basic_swamp, gammafunk_ghost_abyssal_escape,
          hangedman_swamp_lotus, uniq_mlioglotl, uniq_aizul
Swamp:4:  grunt_swamp_rune_castle, layout_basic_swamp, uniq_louise
Snake:1:  layout_misc_corridors, serial_shops, nicolae_shop_tiny_statue_garden,
          minmay_shoptagon
Snake:2:  nicolae_snake_crotalidae_crossing, layout_onion_interference,
          serial_bayou_shore_b
Snake:3:  layout_layer_cave, nicolae_snake_scaly_snakehead,
          nicolae_triple_integral
Snake:4:  minmay_snake_end_coiled, layout_cave_town, serial_shops,
          nicolae_shop_gibbet_a_chance, nicolae_snake_omega, uniq_asterion
Slime:1:  layout_caves
Slime:2:  cheibrodos_slime_lost_civilization_1, layout_caves
Slime:3:  layout_caves
Slime:4:  layout_caves, basic_altar, uniq_dissolution
Slime:5:  slime_pit_nicolae_inversion
Orc:1:    cheibrodos_orc_arena, layout_caves, serial_shops,
          nicolae_shop_temple_entry_statues_fountains, basic_altar
Orc:2:    grunt_orc_gardens, layout_caves, grunt_orc_garden, grunt_orc_garden,
          grunt_orc_garden, grunt_orc_garden, uniq_erolcha, uniq_rupert
Elf:1:    elf_arrival_002, layout_geoelf_octagon, serial_shops, shop,
          nicolae_elf_altarnating, nicolae_elf_variegated_diamond
Elf:2:    nicolae_elf_blades_splatter_lattice
          [nicolae_blade_entry_sentries_behind_glass], layout_onion_city,
          serial_shops, shop, nicolae_elf_shapeshifter_party
Elf:3:    elf_hall, layout_geoelf_diagonals, serial_shops, shop, shop,
          shop_statue, nicolae_shop_tiny_real_fake_doors
Vaults:1: nicolae_vaults_variable_pillar_hall_cross, v_alt_pattern_6,
          ontoclasm_vaults_ring_small, v_alt_pattern_4, grunt_vaults_swirl,
          nicolae_vaults_turnstiles, vaults_standard_mumra_x,
          nicolae_vaults_sightless_eye, v_rooms_2, vaults_room_grid,
          nicolae_vaults_big_angled_halls, layout_vaults_omnibox,
          uniq_saint_roka
Vaults:2: infiniplex_enter_wizlab_water, hangedman_vaults_nails,
          nicolae_vaults_hexular_roomagon, nicolae_vaults_oval_intersection,
          v_misc_23, nicolae_vaults_hexular_roomagon,
          grunt_vaults_hallway_short, minmay_crypt_entry_simple_statues,
          ontoclasm_vaults_shout, grunt_vaults_trifunnel,
          nicolae_vaults_network_periphery, v_misc_8, layout_vaults_maze_snakey,
          serial_shops, nicolae_lakefront_shop
Vaults:3: nicolae_vaults_mini_display_case, nicolae_vaults_closet_pinwheel_3,
          nicolae_vaults_prndl, hangedman_vaults_capsules,
          vaults_room_stairs_pillars, vaults_standard_mumra_lines,
          hangedman_vaults_stagger, hangedman_vaults_pinch, v_misc_19,
          nicolae_vaults_apartment_1, nicolae_vaults_trapezoid_2,
          ontoclasm_vaults_pinch, layout_vaults_omnicross, serial_shops, shop,
          nicolae_shop_pleasant_corner_grove, nicolae_shop_peninsula,
          uniq_norris, uniq_margery
Vaults:4: nicolae_vaults_closet_pinwheel_2, nicolae_vaults_theta,
          hangedman_vaults_variations, v_pattern_5, v_misc_1, serial_ice_m,
          ontoclasm_vaults_ligature, ontoclasm_vaults_gateway, v_misc_19,
          v_misc_18, nicolae_vaults_trapezoid_3, nicolae_vaults_tetromino_T_1,
          nicolae_vaults_asterisk, layout_vaults_omnigrid
Depths:1: hangedman_stitches_corridor, layout_long_grid, enter_ziggurat_e,
          nzn_wu_jian_council_hall, hell_entry,
          nicolae_uskayaw_murder_on_the_dancefloor
Depths:2: minmay_fractal_lines_corner, layout_cave_pools, serial_rivers,
          chequers_serial_rivers_micro_e, chequers_serial_rivers_large_b,
          chequers_serial_rivers_micro_d, chequers_serial_rivers_small_3,
          chequers_serial_rivers_micro_b, chequers_serial_rivers_small_b,
          hellmouth_1, rand_demon_pan_entry_8, gammafunk_ghost_ooze
Depths:3: wad_pebble_path, layout_cave_pools, pan_entry, abyss_entry, hell_entry
Depths:4: hangedman_pleasuredromes, pan_entry, hell_entry
Zot:1:    layout_onion_interference, hangedman_zot_gyre
Zot:2:    layout_onion_interference, regret_index_zotdec_storm_pass,
          hellmonk_greenhouse_of_terror
Zot:3:    hellmonk_paralyzer, layout_onion_interference,
          hangedman_zot_decor_scrapings, grunt_ministairs_15,
          nicolae_lava_and_water, chequers_guarded_unrand_mask_of_the_dragon
Zot:4:    bobbens_index_wilting_gardens, layout_concentric_octagons,
          regret_index_zotdec_ceiling_fans, drop_trap
Zot:5:    layout_misc_corridors

Skill      XL: |  1  2  3  4  5  6  7  8  9 10 11 12 13 14 15 16 17 18 19 20 21 22 23 24 25 26 27 |
---------------+----------------------------------------------------------------------------------+-----
Conjurations   | 2 3 4 5 6 8 9 11 12 13 15 17 19 22 | 22.0
Spellcasting   | 3 4 5 6 8 9 11 13 14 15 17 18 19 20 | 20.0
Earth Magic    | 3 4 |  4.0
Air Magic      | 2 5 7 9 10 11 12 15 17 19 20 22 | 22.0
Ice Magic      | 2 4 5 9 11 12 13 14 | 14.0
Fighting       | 3 7 9 11 13 16 18 | 18.4
Dodging        | 3 6 8 10 11 12 16 19 20 | 20.9
Alchemy        | 3 4 |  4.0
Armour         | 1 4 |  4.0
Shields        | 5 8 10 12 14 15 | 15.0
Fire Magic     | 8 12 14 16 17 18 | 18.0
Stealth        | |  2.0

Action                     |  1- 3 |  4- 6 |  7- 9 | 10-12 | 13-15 | 16-18 | 19-21 | 22-24 | 25-27 || total
---------------------------+-------+-------+-------+-------+-------+-------+-------+-------+-------++-------
  Melee: Dagger            |       |     4 |       |     7 |     5 |       |       |       |       ||    16
         Kick              |       |     2 |       |     3 |     4 |       |       |     1 |     6 ||    16
         Peck              |       |     1 |       |     1 |     2 |       |       |     1 |     4 ||     9
         Staff             |       |       |       |       |       |       |       |     2 |     6 ||     8
  Throw: Dart              |       |       |       |       |       |     2 |       |       |       ||     2
   Cast: Sandblast         |    61 |    53 |    12 |       |       |       |       |       |       ||   126
         Stone Arrow       |       |    11 |   139 |   355 |   484 |   135 |    67 |    54 |    32 ||  1277
         Mephitic Cloud    |       |       |       |     8 |     1 |     3 |       |       |       ||    12
         Freezing Cloud    |       |       |       |    17 |    75 |     1 |       |       |       ||    93
         Orb of Destructio |       |       |       |       |    76 |    83 |    15 |     2 |     1 ||   177
         Irradiate         |       |       |       |       |    29 |    46 |    24 |    40 |    49 ||   188
         Ozocubu's Refrige |       |       |       |       |       |   289 |   127 |    16 |     9 ||   441
         Blink             |       |       |       |       |       |     3 |       |       |     2 ||     5
         Sticky Flame      |       |       |       |       |       |     1 |       |       |       ||     1
         Plasma Beam       |       |       |       |       |       |    39 |   415 |   318 |   295 ||  1067
         Maxwell's Capacit |       |       |       |       |       |       |     4 |    34 |    63 ||   101
         Ignition          |       |       |       |       |       |       |     4 |    90 |    34 ||   128
         Fireball          |       |       |       |       |       |       |       |    50 |    13 ||    63
         Chain Lightning   |       |       |       |       |       |       |       |       |    23 ||    23
  Evoke: Wand              |       |       |       |       |       |     5 |     3 |       |     4 ||    12
    Use: Scroll            |       |       |     6 |     5 |     5 |    21 |     4 |     1 |    15 ||    57
         Potion            |       |       |       |       |       |     9 |     2 |     5 |    11 ||    27
 Armour: Robe              |       |    21 |    16 |    72 |    90 |    15 |    50 |   123 |   216 ||   603
         Acid dragon scale |       |       |       |       |       |    38 |       |       |       ||    38
         Swamp dragon scal |       |       |       |       |       |   101 |    15 |       |       ||   116
  Dodge: Dodged            |    10 |    23 |    59 |    75 |   149 |   174 |    91 |    88 |   210 ||   879
  Block: Buckler           |       |       |       |       |       |    18 |     4 |       |       ||    22
         Kite shield       |       |       |       |       |       |       |    95 |    85 |   148 ||   328

Table legend: (Time is in decaauts)
 A = Elapsed time spent in this place.
 B = Non-inter-level travel time spent in this place.
 C = Inter-level travel time spent in this place.
 D = Time resting spent in this place.
 E = Time spent auto-exploring this place.
 F = Levels seen in this place.
 G = Mean time per level.
                   A        B        C        D        E       F      G
               +--------+--------+--------+--------+--------+-----+--------+
         Total |  67795 |  62366 |   5429 |   1538 |  50128 |  54 | 1255.5 |
       Dungeon |  22094 |  20263 |   1831 |    413 |  17170 |  15 | 1472.9 |
        Temple |     44 |      2 |     42 |      0 |      0 |   1 |   44.0 |
          Lair |   9911 |   8827 |   1084 |     84 |   7631 |   5 | 1982.2 |
         Swamp |   4079 |   3892 |    187 |    172 |   2864 |   4 | 1019.8 |
     Snake Pit |   5936 |   5706 |    230 |      0 |   4751 |   4 | 1484.0 |
    Slime Pits |   1312 |   1190 |    122 |    120 |    519 |   5 |  262.4 |
  Orcish Mines |   3019 |   2542 |    477 |    452 |   1624 |   2 | 1509.5 |
   Elven Halls |   3103 |   2875 |    228 |      0 |   2457 |   3 | 1034.3 |
        Vaults |   6507 |   6130 |    377 |     14 |   4973 |   4 | 1626.8 |
        Depths |   4677 |   4451 |    226 |     61 |   3410 |   4 | 1169.2 |
           Zot |   6336 |   5714 |    622 |    166 |   4298 |   5 | 1267.2 |
        Bazaar |     98 |     98 |      0 |      0 |     67 |   1 |   98.0 |
        Wizlab |    674 |    674 |      0 |     56 |    364 |   1 |  674.0 |
               +--------+--------+--------+--------+--------+-----+--------+

Top non-repeatable levels by time:
  Lair:1: 2588 daAuts
  Lair:5: 2569 daAuts
    D:15: 2203 daAuts
   Zot:4: 2155 daAuts
 Snake:3: 2139 daAuts
   Orc:1: 2036 daAuts
Vaults:1: 1911 daAuts
  Lair:4: 1829 daAuts
    D:12: 1753 daAuts
     D:7: 1708 daAuts
Vaults:3: 1707 daAuts
    D:11: 1683 daAuts
    D:10: 1673 daAuts
    D:13: 1640 daAuts
 Snake:4: 1554 daAuts
